 Dungeon Crawl Stone Soup version 0.25.1-2-g60ff931df9 (webtiles) character file.

Game seed: 8162522384196114922

1938 Acheron the Cudgeler (level 8, -3/56 HPs)
             Began as a Minotaur Chaos Knight on Oct 6, 2020.
             Was a Plaything of Xom.
             Slain by a killer bee (9 damage)
             ... on level 8 of the Dungeon.
             The game lasted 00:26:33 (5351 turns).

Acheron the Cudgeler (Minotaur Chaos Knight)        Turns: 5351, Time: 00:26:34

Health: -3/56      AC: 10    Str: 18    XL:     8   Next: 97%
Magic:  10/10      EV: 14    Int: 13    God:    Xom [.*....]
Gold:   4971       SH:  0    Dex: 11    Spells: 12/12 levels left

rFire    . . .     SeeInvis .   q - +1 flail (protect)
rCold    . . .     Gourm    .   (no shield)
rNeg     . . .     Faith    .   b - +3 leather armour
rPois    .         Spirit   .   (helmet restricted)
rElec    .         Reflect  .   t - +1 cloak
rCorr    .         Harm     .   (no gloves)
MR       .....                  (no boots)
Stlth    ++........             (no amulet)
HPRegen  0.18/turn              l - +6 ring of intelligence
MPRegen  0.12/turn              (no ring)

@: lethally poisoned (-3 -> -15), lightly drained
A: retaliatory headbutt, horns 2, icy blue scales 1, dopey 1, frail 2, screaming
1
a: Renounce Religion


You were on level 8 of the Dungeon.
You worshipped Xom.
You were a plaything of Xom.
You were not hungry.

You visited 1 branch of the dungeon, and saw 9 of its levels.
You also visited: Ossuary.

You collected 4971 gold pieces.

Inventory:

Hand Weapons
 a - a +0 hand axe of chaos
 e - a +0 halberd
 n - a +0 hand axe
 q - a +1 flail of protection (weapon)
Missiles
 j - 65 stones
 m - 24 poisoned darts (quivered)
 p - 45 sling bullets
 s - 5 boomerangs
Armour
 b - a +3 leather armour (worn)
 t - a +1 cloak (worn)
 y - a cursed +0 robe
Magical Staves
 w - an uncursed staff of poison
Jewellery
 h - an uncursed amulet of guardian spirit
 k - an uncursed amulet of reflection {unknown}
 l - a +6 ring of intelligence (left hand)
Wands
 x - a wand of iceblast (5)
Scrolls
 f - a scroll of amnesia
 i - 5 scrolls of remove curse
 u - 2 scrolls of teleportation
Potions
 g - 2 potions of heal wounds
 o - 2 potions of flight
 r - a potion of stabbing {unknown}
 v - a potion of magic
 z - a potion of cancellation {unknown}
Comestibles
 c - 2 rations
 d - 3 chunks of flesh


   Skills:
 * Level 6.2(5.9) Fighting
 + Level 5.0(6.4) Axes
 + Level 6.9(7.4) Maces & Flails
 * Level 2.2(2.0) Throwing
 + Level 3.7(3.4) Armour
 * Level 5.9(5.6) Dodging
 * Level 3.4(3.1) Stealth
 * Level 2.5(2.2) Spellcasting


You had 12 spell levels left.
You didn't know any spells.
Your spell library was empty.

Dungeon Overview and Level Annotations

Branches:
Dungeon (9/15)            Ossuary (visited)
 Temple: D:4-7         Lair: D:8-11         Orc: D:9-12

Altars:
Hepliaklqana
Okawaru

Shops:
D:5 :

Annotations:
D:3 Natasha, Terence
D:7 2 runed translucent doors, RKaid's ghost, novice TeAE
D:8 1 runed translucent door, cada's ghost, novice TrTm


Innate Abilities, Weirdness & Mutations

You reflexively headbutt those who attack you in melee.
You have a pair of horns on your head.
You are partially covered in icy blue scales. (AC +2)
You are dopey. (Int -2)
You are very frail. (-20% HP)
You occasionally shout uncontrollably at your foes.


Message History

You hit the killer bee.
Your weapon exudes an aura of protection.
You kill the killer bee!
You feel sick. The killer bee stings you.
You closely miss the killer bee. Your headbutt misses the killer bee.
* * * LOW HITPOINT WARNING * * *
You feel sick. The killer bee misses you. You furiously retaliate!
You headbutt the killer bee. The killer bee closely misses you.
You furiously retaliate!
You headbutt the killer bee! You completely miss the killer bee.
Your headbutt misses the killer bee.
The killer bee is almost dead.
* * * LOW HITPOINT WARNING * * *
You feel sick. The killer bee stings you!
* * * LOW HITPOINT WARNING * * *
The killer bee barely misses you.
You closely miss the killer bee.
The killer bee is almost dead.
* * * LOW HITPOINT WARNING * * *
You feel sick. The killer bee misses you. The killer bee stings you!
You die...

........<. ## # ......#.. #.. # )
.#..###.. #.# #!#[ ..##.##.##
#.## y#'''## .. #....#. #..
...y...## ###.. ##>.<#. ####.##
#...y# #...# #).#.#. ......# ...
#y# #.#.##..####. ......# ..#
#@####.#[...# #. ......#####..#
#.(.......########
...l..#......######..†>#.......#.
.....................###.......##
......###)#.##...................
....l.# #)#...###..###.........##
......###.###..##..# #........#
......##..# #.....# ##.......#
......##.## #.###.#####.......#


You could see 2 killer bees.

Vanquished Creatures
  A water moccasin (D:7)
  A sky beast (D:7)
  An ice beast (D:7)
  A centaur (D:7)
  2 elf zombies (D:4)
  2 bullfrogs
  9 scorpions
  4 killer bees (D:8)
  3 howler monkeys (D:8)
  A crimson imp (D:7)
  4 human zombies (Ossuary)
  3 orc priests
  An orc wizard (D:8)
  Natasha (D:3)
  2 human skeletons (D:4)
  4 worker ants
  A big kobold zombie (Ossuary)
  3 mummies (Ossuary)
  2 gnolls
  4 scorpion zombies (Ossuary)
  6 adders
  An adder skeleton (D:8)
  5 leopard geckos
  9 orcs
  9 bats
  6 giant cockroaches
  8 goblins
  7 hobgoblins
  6 jackals
  2 quokkas (D:2)
  2 frilled lizards
  2 gnoll zombies (Ossuary)
  A hobgoblin zombie (Ossuary)
  2 kobolds (D:2)
  A kobold zombie (Ossuary)
  2 orc skeletons (D:4)
  2 orc zombies (Ossuary)
  4 rats
125 creatures vanquished.

Vanquished Creatures (collateral kills)
  A rat (D:1)
1 creature vanquished.

Vanquished Creatures (others)
  3 scorpions (Ossuary)
  A centaur zombie (Ossuary)
  An orc zombie (Ossuary)
5 creatures vanquished.

Grand Total: 131 creatures vanquished

Notes
Turn   | Place    | Note
-------+----------+-------------------------------------------
     0 | D:1      | Acheron the Minotaur Chaos Knight began the quest for the
                  | Orb.
     0 | D:1      | Reached XP level 1. HP: 19/19 MP: 0/0
    38 | D:1      | XOM: potion effect (haste)
   109 | D:1      | XOM: divination: detect creatures
   113 | D:1      | XOM: butterfly on damage
   116 | D:1      | Reached XP level 2. HP: 13/27 MP: 1/1
   307 | D:1      | XOM: silly message
   337 | D:1      | Reached XP level 3. HP: 34/34 MP: 2/2
   789 | D:2      | Found a faded altar of an unknown god.
   913 | D:3      | Noticed Terence
   914 | D:3      | XOM: butterfly on damage
   920 | D:2      | Reached XP level 4. HP: 24/41 MP: 3/3
  1113 | D:2      | XOM: smoke on damage
  1542 | D:3      | Noticed Natasha
  1553 | D:3      | Killed Natasha
  1710 | D:3      | XOM: 1-stop teleportation journey
  1710 | D:3      | Noticed Natasha
  1711 | D:3      | XOM: summons 4 hostile shadow creatures
  1840 | D:3      | XOM: silly message
  1845 | D:3      | Reached XP level 5. HP: 35/47 MP: 4/4
  2059 | D:4      | XOM: divination: detect items
  2071 | D:4      | Reached skill level 1 in Maces & Flails
  2071 | D:4      | Reached skill level 1 in Stealth
  2077 | D:4      | XOM: silly message
  2097 | D:4      | Reached skill level 5 in Axes
  2097 | D:4      | Reached skill level 1 in Spellcasting
  2097 | D:4      | Reached XP level 6. HP: 32/55 MP: 6/6
  2197 | D:4      | Found a sand-covered staircase.
  2234 | Ossuary  | XOM: stealth player
  2234 | Ossuary  | Entered an ossuary
  2249 | Ossuary  | XOM: repel stairs
  2255 | Ossuary  | XOM: 2-stop teleportation journey
  2378 | Ossuary  | XOM: cleaving
  2384 | Ossuary  | Reached skill level 5 in Fighting
  2457 | Ossuary  | XOM: fake destruction
  2471 | Ossuary  | XOM: enchant monster (good)
  2472 | Ossuary  | Reached XP level 7. HP: 59/61 MP: 7/7
  2528 | Ossuary  | XOM: fog
  2606 | Ossuary  | XOM: god gift: 4820 gold pieces
  2615 | Ossuary  | XOM: cleaving
  2727 | Ossuary  | XOM: destruction
  2743 | Ossuary  | XOM: fog
  2820 | Ossuary  | XOM: give mutation
  2820 | Ossuary  | Gained mutation: You are surrounded by a mild repulsion
                  | field. (EV +2) [Xom's grace]
  3044 | Ossuary  | XOM: enchant monster (bad)
  3046 | Ossuary  | XOM: enchant monster (bad)
  3052 | Ossuary  | XOM: give mutations
  3052 | Ossuary  | Lost mutation: You are surrounded by a mild repulsion
                  | field. (EV +2) [Xom's mischief]
  3052 | Ossuary  | Gained mutation: You are frail. (-10% HP) [Xom's mischief]
  3052 | Ossuary  | Gained mutation: You are clumsy. (Dex -2) [Xom's mischief]
  3052 | Ossuary  | Gained mutation: You are partially covered in icy blue
                  | scales. (AC +2) [Xom's mischief]
  3063 | Ossuary  | Reached skill level 5 in Maces & Flails
  3295 | D:4      | XOM: enchant monster (bad)
  3309 | D:5      | Entered Level 5 of the Dungeon
  3363 | D:5      | XOM: draining
  3531 | D:5      | Found Jiarowec's Book Boutique.
  3542 | D:5      | XOM: give mutations
  3542 | D:5      | Gained mutation: Armour fits poorly on your strangely
                  | shaped body. [Xom's mischief]
  3542 | D:5      | Lost mutation: Armour fits poorly on your strangely shaped
                  | body. [Xom's mischief]
  3542 | D:5      | Gained mutation: You are weak. (Str -2) [Xom's mischief]
  3542 | D:5      | Gained mutation: You are very frail. (-20% HP) [Xom's
                  | mischief]
  3557 | D:6      | XOM: noise
  3641 | D:7      | XOM: confusion
  3682 | D:7      | Reached XP level 8. HP: 17/54 MP: 8/10
  3886 | D:7      | Found a large runed translucent door.
  3886 | D:7      | Found a large runed translucent door.
  3889 | D:7      | Noticed RKaid's ghost (novice TeAE)
  4026 | D:8      | XOM: summons 5 hostile demons
  4027 | D:8      | Noticed a smoke demon
  4054 | D:7      | HP: 2/54 [water moccasin (4)]
  4059 | D:7      | Reached skill level 1 in Throwing
  4064 | D:7      | Reached skill level 5 in Dodging
  4102 | D:7      | XOM: draining
  4478 | D:7      | XOM: 2-stop teleportation journey
  4543 | D:8      | XOM: 1-stop teleportation journey
  4616 | D:8      | XOM: noise
  4640 | D:8      | XOM: draining
  4687 | D:9      | Noticed a two-headed ogre
  4730 | D:8      | XOM: give mutations
  4730 | D:8      | Lost mutation: You are weak. (Str -2) [Xom's mischief]
  4730 | D:8      | Gained mutation: You occasionally shout uncontrollably at
                  | your foes. [Xom's mischief]
  4990 | D:8      | XOM: give mutations
  4990 | D:8      | Lost mutation: You are clumsy. (Dex -2) [Xom's mischief]
  4990 | D:8      | Gained mutation: You are dopey. (Int -2) [Xom's mischief]
  5186 | D:8      | Found a runed translucent door.
  5188 | D:8      | Noticed cada's ghost (novice TrTm)
  5235 | D:8      | Found a hazy altar of Hepliaklqana.
  5240 | D:8      | Found an iron altar of Okawaru.
  5321 | D:8      | XOM: silly message
  5351 | D:8      | Slain by a killer bee

Illustrated notes

Levels and vault maps discovered:
D:1:      dpeg_arrival_houses_and_road, layout_rooms, minmay_hexomino_f4
D:2:      layout_basic, chequers_ecumenical_altar_twisty, first_ration,
          serial_rivers, chequers_serial_rivers_marsh,
          chequers_serial_rivers_micro_c, chequers_serial_rivers_large_b,
          chequers_serial_rivers_small_3, chequers_serial_rivers_large_a,
          chequers_serial_rivers_marsh
D:3:      layout_basic, lightli_sewer_entry_pipes, minmay_fountain_box,
          patterned_corridor, uniq_ijyb, uniq_terence, uniq_robin, uniq_natasha
D:4:      layout_loops_corners, nicolae_ossuary_entry_catacombs,
          fedhas_bush_and_centaur_altar
D:5:      layout_cave_pools, kennysheep_mini_moat, serial_shops,
          kennysheep_mini, shop, shop_fountains, kennysheep_little_box,
          nicolae_shop_overgrown_old_shop, uniq_sigmund
D:6:      minmay_goblin_kobold_castle, layout_cave_pools, serial_shops, shop
D:7:      layout_rooms, lemuel_crystal_altar, minmay_temple_entry_wispy,
          ebering_ghost_disaster_area
D:8:      layout_rooms, minitemple, ebering_ghost_reflecting_pool, eino_jars
D:9:      layout_basic, lemuel_crystal_altar, overflow_temple_1_default,
          lair_entry_dummy, wad_floor_pattern_untrapped

Skill      XL: |  1  2  3  4  5  6  7  8 |
---------------+-------------------------+-----
Fighting       | 4 5 6 |  6.2
Axes           | 4 5 |  5.0
Dodging        | 2 3 4 5 |  5.9
Armour         | 3 |  3.7
Maces & Flails | 1 3 5 6 |  6.9
Stealth        | 1 2 3 |  3.4
Spellcasting   | 1 2 |  2.5
Throwing       | 2 |  2.2

Action                   |  1- 3 |  4- 6 |  7- 9 || total
-------------------------+-------+-------+-------++-------
Melee: Hand axe          |    69 |     2 |       ||    71
       Headbutt          |     5 |    22 |    33 ||    60
       Flail             |       |   115 |   263 ||   378
Throw: Dart              |       |     7 |     8 ||    15
  Use: Scroll            |       |    10 |     7 ||    17
       Potion            |       |       |     7 ||     7
 Stab: Sleeping          |       |     1 |     1 ||     2
  Eat: Chunk             |       |     3 |     5 ||     8
       Ration            |       |     1 |     1 ||     2
Armor: Leather armour    |    24 |    43 |   135 ||   202
Dodge: Dodged            |    36 |    69 |   198 ||   303
